Map: Dusk Towers

Players

GutyECUADOR

  • Race: Zerg Zerg
  • League: Master

Miszu - Winner!

  • Race: Terran Terran
  • League: Master

VOD

Have the link to the VOD?

Description

Time

  • Played on: June 27, 2016, 4:22 p.m.
  • Length: 12:06
Show
View Real Time Build Order
Export as new Build Order

GutyECUADOR Zerg 

Build Orders: Pool First 

Get SALT Encoding   

  12  0:02  Drone  
  13  0:12  Overlord  
  13  0:18  Drone  
  14  0:24  Extractor, Drone  
  15  0:34  Drone  
  15  0:35  Drone  
  17  0:45  Drone  
  18  0:51  Spawning Pool  
  18  0:56  Drone  
  18  1:07  Drone  
  19  1:16  Hatchery  
  18  1:18  Drone  
  18  1:21  Extractor  
  18  1:28  Overlord  
  18  1:38  Queen  
  20  1:40  Zergling x2  
  21  1:49  Drone  
  22  2:01  Drone  
  23  2:11  Drone  
  23  2:14  Queen  
  26  2:21  Drone  
  27  2:29  Queen  
  29  2:31  Drone  
  29  2:33  Drone  
  31  2:39  Drone  
  31  2:43  Drone  
  32  2:52  Drone  
  32  2:53  Drone x3  
  36  3:05  Overlord  
  36  3:07  Lair  
  36  3:11  Extractor  
  35  3:13  Overlord, Extractor  
  35  3:15  Drone  
  35  3:16  Drone  
  35  3:17  Pneumatized Carapace  
  36  3:25  Drone x5  
  40  3:33  Drone  
  41  3:35  Roach Warren  
  41  3:41  Drone  
  41  3:42  Drone x3  
  44  3:51  Drone x2  
  46  3:56  Drone  
  47  4:08  Hatchery  
  47  4:09  Overlord  
  46  4:20  Glial Reconstitution  
  46  4:21  Overlord  
  46  4:22  Overseer  
  46  4:23  Overlord  
  46  4:24  Overlord  
  46  4:25  Overlord  
  46  4:28  Drone x2  
  46  4:30  Spore Crawler  
  47  4:32  Roach  
  49  4:39  Overlord, Roach  
  49  4:41  Roach  
  49  4:44  Roach  
  55  4:46  Roach  
  57  4:59  Roach x2  
  60  5:05  Drone  
  58  5:09  Roach x2  
  58  5:12  Overseer  
  62  5:14  Drone  
  62  5:15  Drone  
  62  5:16  Roach  
  66  5:24  Roach  
  66  5:26  Roach  
  70  5:29  Ravager x2  
  70  5:30  Ravager x3  
  70  5:31  Overlord, Roach x2  
  70  5:33  Queen  
  81  5:37  Extractor  
  80  5:43  Drone  
  80  5:44  Roach  
  80  5:47  Roach  
  80  5:48  Roach x2  
  80  5:49  Roach  
  89  6:03  Overlord  
  88  6:04  Roach x2  
  88  6:08  Overlord  
  89  6:18  Overlord  
  89  6:23  Overlord, Drone x2  
  91  6:27  Drone x2  
  91  6:30  Roach  
  95  6:36  Drone x2  
  95  6:37  Drone x2  
  95  6:39  Drone  
  100  6:40  Drone  
  100  6:45  Drone x3  
  104  6:48  Evolution Chamber  
  103  6:55  Drone  
  103  6:56  Drone x2  
  103  6:58  Evolution Chamber  
  105  7:06  Roach x4  
  105  7:07  Ravager x4  
  117  7:08  Ravager  
  117  7:09  Ravager x2  
  117  7:11  Drone  
  117  7:14  Overlord  
  121  7:19  Spore Crawler  
  121  7:21  Zerg Missile Weapons Level 1  
  120  7:25  Drone  
  121  7:47  Drone, Zerg Ground Armor Level 1  
  121  7:48  Drone  
  121  7:49  Drone x3  
  126  7:51  Extractor  
  126  7:52  Extractor, Drone  
  126  7:54  Tunneling Claws  
  126  7:56  Roach  
  126  7:57  Drone x2  
  129  8:01  Overlord  
  129  8:03  Overlord  
  129  8:04  Overlord  
  129  8:12  Overlord x2  
  129  8:13  Hatchery  
  129  8:14  Overlord  
  129  8:17  Infestation Pit  
  129  8:19  Roach  
  129  8:20  Roach  
  129  8:23  Roach  
  129  8:24  Roach  
  135  8:27  Roach  
  135  8:28  Roach  
  135  8:29  Roach  
  135  8:34  Roach x2  
  145  8:36  Roach  
  145  8:38  Overlord  
  145  8:40  Overlord  
  147  8:42  Roach  
  147  8:45  Hatchery  
  148  8:51  Roach, Evolution Chamber  
  149  8:57  Overlord x3  
  149  8:59  Roach x3  
  149  9:00  Roach  
  157  9:05  Hive  
  157  9:07  Roach  
  159  9:10  Roach  
  161  9:19  Roach x2  
  161  9:20  Roach  
  167  9:24  Burrow  
  167  9:25  Roach x4  
  167  9:27  Roach  
  167  9:28  Roach  
  177  9:38  Roach  
  177  9:43  Roach x4  
  142  9:53  Roach x2  
  142  9:54  Roach x3  
  142  9:57  Roach x4  
  142  9:58  Roach x2  
  143  10:00  Roach  
  143  10:05  Roach  
  143  10:06  Roach  
  148  10:08  Roach x2  
  148  10:13  Overlord  
  154  10:14  Roach  
  154  10:18  Drone x4  
  154  10:19  Drone  
  159  10:36  Drone  
  159  10:37  Drone  
  159  10:38  Drone  
  157  10:45  Drone  
  157  10:46  Drone  
  157  10:47  Roach x32  
  159  10:51  Ultralisk Cavern  
  159  10:52  Roach x3  
  164  10:58  Roach x2  
  164  10:59  Roach  
  164  11:00  Roach  
  140  11:12  Roach x5  
  140  11:15  Roach  
  140  11:16  Roach  
  140  11:17  Roach  
  110  11:19  Roach  
  110  11:21  Roach  
  110  11:22  Roach  
  110  11:24  Roach  
  118  11:26  Roach  
  118  11:30  Roach  
  118  11:31  Roach  
  124  11:34  Ravager  
  124  11:35  Roach  
  123  11:40  Roach  
  123  11:45  Roach  
  123  11:46  Roach  
Show
View Real Time Build Order
Export as new Build Order

Miszu Terran - Winner!

Build Orders: Reaper Expand, MMM Bio 

Get SALT Encoding   

  12  0:01  SCV  
  13  0:13  SCV  
  14  0:18  Supply Depot  
  14  0:25  SCV  
  15  0:39  SCV  
  15  0:40  Barracks  
  16  0:43  Refinery  
  16  0:51  SCV  
  17  1:03  SCV  
  18  1:15  SCV  
  19  1:28  Reaper, Orbital Command  
  20  1:39  Command Center  
  20  1:51  Supply Depot  
  20  1:52  Refinery  
  20  1:55  SCV  
  21  2:05  Barracks Reactor  
  21  2:07  SCV  
  22  2:18  Factory  
  22  2:19  SCV  
  23  2:31  SCV  
  24  2:42  Marine x2  
  24  2:43  SCV  
  27  2:55  Orbital Command  
  27  2:57  SCV  
  27  2:59  Marine  
  27  3:00  Marine  
  27  3:03  Starport, Factory Reactor  
  29  3:09  SCV  
  30  3:17  Marine x2  
  32  3:21  SCV x2  
  34  3:33  SCV  
  34  3:34  SCV  
  36  3:35  Marine x2  
  36  3:36  Supply Depot  
  38  3:45  SCV  
  38  3:46  Medivac, SCV, Widow Mine  
  38  3:47  Medivac  
  46  3:57  Marine x2, SCV  
  46  3:58  Supply Depot, SCV  
  50  4:06  Liberator x2  
  51  4:10  SCV x2  
  52  4:21  Command Center  
  52  4:22  SCV x2  
  60  4:25  Supply Depot  
  60  4:32  Factory Tech Lab  
  60  4:34  Refinery, SCV x2  
  60  4:35  Refinery  
  62  4:47  Marine x2, SCV  
  62  4:48  Supply Depot  
  63  5:10  Marine x2  
  63  5:11  Siege Tank  
  63  5:12  SCV x2  
  70  5:16  Engineering Bay  
  70  5:17  Engineering Bay  
  70  5:18  Barracks  
  70  5:19  Barracks  
  70  5:21  Supply Depot  
  70  5:24  SCV x2  
  70  5:28  Marine  
  73  5:35  Orbital Command  
  73  5:36  SCV x2  
  75  5:43  Siege Tank  
  75  5:48  SCV  
  79  5:50  Marine  
  79  5:51  Marine  
  79  5:53  SCV  
  82  6:00  SCV  
  82  6:03  SCV  
  84  6:05  SCV  
  84  6:07  Barracks Tech Lab x2  
  84  6:08  Terran Infantry Weapons Level 1, Terran Infantry Armor Level 1  
  91  6:18  Medivac x2, Siege Tank  
  86  6:20  SCV  
  86  6:21  SCV  
  86  6:22  Orbital Command  
  91  6:30  Barracks x2  
  91  6:32  Marine x2, Combat Shields  
  93  6:33  Barracks, Stimpack  
  93  6:34  Marine x2  
  93  6:35  Barracks  
  93  6:38  SCV  
  96  6:40  Barracks  
  96  6:50  Marine x2  
  96  6:54  Siege Tank  
  101  6:59  Supply Depot  
  101  7:00  Marine x2  
  101  7:01  Medivac  
  105  7:02  SCV x2  
  105  7:03  Supply Depot  
  105  7:04  SCV  
  108  7:13  Marine  
  109  7:18  Armory  
  109  7:20  Marine x3, SCV x3  
  109  7:21  Barracks Reactor  
  109  7:22  Barracks Reactor  
  115  7:23  Barracks Reactor  
  115  7:24  Barracks Tech Lab  
  115  7:39  Marauder x2  
  115  7:41  Marine  
  115  7:43  Marine  
  116  7:45  Marine  
  116  7:49  Barracks Tech Lab, Concussive Shells  
  119  7:57  Refinery x2  
  119  7:59  Supply Depot x3  
  119  8:00  Marauder x2, SCV  
  119  8:01  Supply Depot  
  124  8:09  Marine  
  124  8:12  Marine x3  
  125  8:13  Marine x2  
  125  8:14  Terran Infantry Armor Level 2  
  125  8:18  Terran Infantry Weapons Level 2  
  125  8:20  Marine x2  
  125  8:21  Marauder x3, Marine, Siege Tank  
  137  8:29  Marine  
  137  8:30  Marine x2  
  137  8:31  Medivac  
  142  8:38  Marine  
  142  8:39  Marauder  
  145  8:42  Marauder  
  145  8:43  Marauder x2  
  145  8:46  Supply Depot x2  
  145  8:47  Supply Depot  
  151  8:49  Supply Depot  
  151  8:54  Supply Depot  
  151  8:59  Command Center  
  151  9:09  Marine, Marauder x2  
  156  9:10  Marine x7  
  156  9:12  Marine  
  156  9:16  Supply Depot  
  164  9:18  Supply Depot, Marine  
  165  9:27  Marine  
  166  9:33  Marauder  
  166  9:34  Marauder x2  
  170  9:40  Marauder  
  148  9:54  Marauder  
  148  9:55  Marauder x2  
  148  9:56  Marine  
  148  9:57  Marine x5  
  142  10:01  Marauder  
  142  10:16  Marauder x2  
  142  10:17  Marine, Marauder  
  142  10:18  Marine x6  
  142  10:19  Marine  
  158  10:22  Medivac, Siege Tank  
  158  10:23  Medivac, Marauder  
  165  10:35  Marine, Planetary Fortress  
  165  10:37  Marauder  
  165  10:38  Marauder x2  
  165  10:40  Missile Turret  
  165  10:41  Liberator  
  169  10:44  Marauder  
  169  10:45  Marine, Liberator  
  172  10:53  Marine  
  172  10:54  Marine x2  
  172  10:55  Marine  
  176  10:59  Marauder  
  176  11:03  Marine  
  158  11:20  Marine x9, Marauder x2  
  158  11:21  Marine  
  172  11:37  Marine  
  172  11:39  Marauder x2  
  177  11:41  Marine, Marauder x2  
  182  11:52  Starport  
Tags
 
Add a new tag
Caveats
  • Supply blocks, unpowered buildings, or Contaminate may cause inaccurate times.
  • Supply counts are checked every 10 seconds.